 Dungeon Crawl Stone Soup version bcrawl-1.21.3-16-g7f46a08de7 (webtiles) character file.

Game seed: 15591079717771323095

416 Anathary the Skirmisher (level 6, -3/38 HPs)
             Began as a Vine Stalker Fighter on May 3, 2020.
             Slain by a sky beast (4 damage)
             ... on level 4 of the Dungeon.
             The game lasted 00:10:09 (3024 turns).

Anathary the Skirmisher (Vine Stalker Fighter)      Turns: 3024, Time: 00:10:10

Health: -3/38      AC:  6    Str: 18    XL:     6   Next: 92%
Magic:  7/7        EV:  8    Int:  8    God:
Gold:   265        SH:  9    Dex: 16    Spells: 5/5 levels left

rFire    . . .     SeeInvis .   a - +0 war axe
rCold    . . .     Gourm    .   c - +0 medium shield
rNeg     . . .     Faith    .   b - +0 scale mail
rPois    .         Spirit   .   (no helmet)
rElec    .         Reflect  .   (no cloak)
rCorr    .         Harm     .   (no gloves)
MR       .....                  (no boots)
Stlth    ..........             (no amulet)
HPRegen  0.52/turn              (no ring)
MPRegen  0.10/turn              (no ring)

@: no status effects
A: fangs 3, regeneration 1, no potion heal 3, rot immunity, strong jaws
a: no special abilities


You were on level 4 of the Dungeon.
You were not hungry.

You visited 1 branch of the dungeon, and saw 4 of its levels.

You collected 265 gold pieces.

Inventory:

Hand Weapons
 a - a +0 war axe (weapon)
Armour
 b - a +0 scale mail (worn)
 c - a +0 medium shield (worn)
Scrolls
 f - 2 scrolls of magic mapping {unknown}
 g - a scroll of blinking {unknown}
 h - 3 scrolls of identify
 i - a scroll of remove curse {unknown}
 j - 2 scrolls of fog {unknown}
 p - a scroll of enchant weapon {unknown}
 q - a scroll of teleportation {unknown}
 r - a scroll of enchant armour {unknown}
 s - a scroll of immolation {unknown}
Potions
 d - 3 potions of might
 k - 3 potions of curing
 l - a potion of flight {unknown}
 m - a potion of ambrosia {unknown}
 n - a potion of agility {unknown}
 o - a potion of brilliance {unknown}
Comestibles
 e - 4 rations {!d}


   Skills:
 + Level 4.3 Fighting
 + Level 4.0 Axes
 - Level 3.1 Armour
 + Level 1.1 Dodging
 + Level 0.7 Stealth
 + Level 3.8 Shields


You had 5 spell levels left.
You didn't know any spells.
Your spell library was empty.

Dungeon Overview and Level Annotations

Branches:
Dungeon (4/12)
 Temple: D:4-7

Altars:
Dithmenos
Kikubaaqudgha
Wu Jian
Xom


Innate Abilities, Weirdness & Mutations

You have razor-sharp teeth.
Your natural rate of healing is unusually fast.
Potions cannot restore your health.
You are immune to rotting.
Your bites deal extra damage.


Message History

You closely miss the sky beast.
The sky beast is lightly wounded.
The sky beast hits you. The sky beast shocks you.
You barely miss the sky beast.
The sky beast is lightly wounded.
The sky beast closely misses you.
You closely miss the sky beast.
The sky beast flickers out of sight!
Deactivating autopickup; reactivate with Ctrl-A.
Something hits you. Something shocks you.
You miss something. Something hits you but does no damage. Something hits you.
Something shocks you.
* * * LOW HITPOINT WARNING * * *
You miss something. Something hits you but does no damage.
You hit something. Something hits you but does no damage.
You closely miss something. Something hits you.
* * * LOW HITPOINT WARNING * * *
Something shocks you.
* * * LOW HITPOINT WARNING * * *
Something hits you.
You die...

#.# #.#### #.# #....# #.# ####.#
###### #.# #.# #....
#.#.####.####... #.#.#......>....
#.#......##.#.#.
####.###.#.....#.# .. #..
......(.....#..#@# ..... #.#
.#######.####..#{# ......###.#
.#### #........<###..........#.#
..... ......................#.#.#
≈≈≈.≈ ≈≈≈.≈≈≈≈≈.≈≈≈≈≈.#####.#.#..
##≈.≈###≈.≈###≈.≈###≈).###.......
≈.≈ #≈.≈# #≈.≈# ............
##≈.≈# #≈.≈# #≈.≈# ...##.>#.#..
≈≈≈.≈≈≈≈≈.≈≈≈≈≈.≈≈≈≈≈.......#.#..


There were no monsters in sight!

Vanquished Creatures
  A sky beast (D:4)
  A jelly (D:4)
  An orc wizard (D:3)
  Terence (D:3)
  An iguana (D:3)
  A worker ant (D:3)
  A gnoll (D:2)
  4 adders
  An ooze (D:1)
  8 worms
  4 dart slugs
  3 leopard geckos
  3 orcs
  6 bats
  3 giant cockroaches
  18 hobgoblins
  7 jackals (D:3)
  A quokka (D:2)
  5 frilled lizards
  20 goblins
  9 kobolds
  6 rats
105 creatures vanquished.

Notes
Turn   | Place    | Note
-------+----------+-------------------------------------------
     0 | D:1      | Anathary the Vine Stalker Fighter began the quest for the
                  | Orb.
     0 | D:1      | Reached XP level 1. HP: 13/13 MP: 2/2
    41 | D:1      | Reached XP level 2. HP: 18/18 MP: 3/3
   416 | D:1      | Reached XP level 3. HP: 14/22 MP: 4/4
   926 | D:2      | Found an ancient bone altar of Kikubaaqudgha.
   980 | D:2      | Found an ornate altar of the Wu Jian Council.
  1139 | D:2      | Reached XP level 4. HP: 17/28 MP: 5/5
  1768 | D:2      | Reached XP level 5. HP: 32/32 MP: 6/6
  2234 | D:3      | Gained mutation: You have razor-sharp teeth. [Vine Stalker
                  | growth]
  2234 | D:3      | Reached XP level 6. HP: 38/38 MP: 7/7
  2253 | D:3      | Found a shadowy altar of Dithmenos.
  2323 | D:3      | Noticed Terence
  2333 | D:3      | Killed Terence
  2333 | D:3      | Reached skill level 1 in Dodging
  2806 | D:3      | Found a shimmering altar of Xom.
  2869 | D:4      | Noticed a sky beast
  2884 | D:4      | Killed a sky beast
  3002 | D:4      | Noticed a sky beast
  3024 | D:4      | HP: 1/38 [something (6)]
  3024 | D:4      | Slain by a sky beast

Skill      XL: |  1  2  3  4  5  6 |
---------------+-------------------+-----
Axes           | 2 3 4 |  4.0
Shields        | 3 |  3.8
Fighting       | 3 4 |  4.3
Armour         | 3 |  3.1
Dodging        | 1 |  1.1
Stealth        | |  0.7

Action                   |  1- 3 |  4- 6 || total
-------------------------+-------+-------++-------
Melee: War axe           |   108 |   220 ||   328
       Bite              |    15 |    28 ||    43
  Use: Scroll            |     1 |     1 ||     2
  Eat: Chunk             |     1 |     3 ||     4
       Ration            |       |     1 ||     1
Armor: Scale mail        |    56 |    81 ||   137
Dodge: Dodged            |    36 |    63 ||    99
Block: Medium shield     |    60 |    98 ||   158
